AoeStats
← szeb

MegaRandom

508507166Analyzed
2v2 RM · 10d ago on Sep 22, 2026· 54m 57s· 4 players
Game mode
Random Map
Map size
Medium (4 player)
Population
200
Speed
Normal
Resources
Standard
Victory
Conquest
Starting age
Dark Age
Ending age
Imperial Age
RankedLock teamsTeams togetherTeam positionsShared explorationLock speedFull tech treeHidden civsTurbo modeCheats
Victory
Defeat
🇭🇺 Britons · Hungary
1304
+16
🇭🇺 Varangians · Hungary
1302
+16
🇺🇾 Tatars · Uruguay
1370
-18
🇦🇷 Danes · Argentina
1245
-14
Rudolfking
0:34 Loom
10:31 Feudal Age
13:16 Bloodlines
14:49 Town Watch
15:19 Scale Barding Armor
19:41 Castle Age
18:56 Forging
19:42 Double-Bit Axe
24:11 Husbandry
25:17 Wheelbarrow
25:53 Chain Barding Armor
29:02 Hand Cart
30:29 Bow Saw
30:14 Horse Collar
32:12 Town Patrol
33:08 Iron Casting
38:37 Imperial Age
38:51 Cavalier
39:54 Conscription
40:54 Two-Man Saw
40:56 Plate Barding Armor
41:21 Blast Furnace
40:18 Vendel Legacy
41:40 Conscription
43:50 Fletching
44:06 Light Cavalry
45:25 Hussar
46:24 Squires
46:09 Arson
46:40 Heavy Plow
50:01 Crop Rotation
49:30 Pikeman
50:11 Scale Mail Armor
szeb
8:57 Loom
11:02 Feudal Age
16:34 Double-Bit Axe
23:15 Castle Age
21:29 Fletching
21:40 Padded Archer Armor
23:16 Crossbowman
23:52 Bodkin Arrow
24:13 Leather Archer Armor
26:04 Gold Mining
28:14 Wheelbarrow
27:53 Bow Saw
27:28 Horse Collar
31:29 Heavy Plow
35:21 Imperial Age
34:11 Ballistics
34:01 Masonry
35:16 Hand Cart
35:58 Capped Ram
37:44 Bracer
40:30 Yeomen
40:44 Ring Archer Armor
41:30 Arbalester
43:45 Elite Longbowman
44:46 Conscription
45:08 Hoardings
Gordo Tetovich
0:33 Loom
10:19 Feudal Age
15:25 Castle Age
14:20 Double-Bit Axe
17:52 Fletching
21:46 Padded Archer Armor
25:16 Bodkin Arrow
27:17 Leather Archer Armor
29:04 Ballistics
29:11 Husbandry
36:41 Horse Collar
37:12 Bow Saw
37:50 Wheelbarrow
37:00 Town Watch
37:38 Scale Barding Armor
39:29 Forging
40:17 Hand Cart
41:30 Bloodlines
41:36 Heavy Plow
42:36 Chain Barding Armor
43:38 Iron Casting
48:11 Imperial Age
45:15 Light Cavalry
46:43 Gold Mining
46:44 Stone Mining
48:41 Heavy Camel Rider
50:29 Blast Furnace
49:11 Hussar
49:15 Heavy Camel Rider
53:28 Chemistry
52:38 Scale Mail Armor
52:01 Pikeman
52:42 Squires
52:27 Arson
RENKENO/Kick.tv
0:34 Loom
12:08 Feudal Age
13:05 Town Watch
15:58 Castle Age
18:09 Horse Collar
18:20 Double-Bit Axe
25:19 Bow Saw
27:14 Heavy Plow
27:42 Squires
28:59 Scale Mail Armor
29:11 Forging
29:59 Fervor
29:55 Arson
30:02 Gambesons
32:41 Wheelbarrow
35:13 Imperial Age
34:23 Pikeman
35:17 Onager
35:21 Capped Ram
36:09 Halberdier
39:37 Conscription
40:03 Iron Casting
39:43 Chain Mail Armor
40:14 Ballistics
40:21 Hand Cart
40:35 Fletching
43:48 Siege Onager
45:01 Gold Mining
Connection lost

Rejoining the realm…

Still unreachable

The connection could not be restored.

Session expired

The server has moved on; the page needs a fresh start.